Map: Pylon LE

Players

Casey - Winner!

  • Race: Terran Terran
  • League: Grandmaster

电脑难度(专家)

  • Race: Terran Terran

VOD

Have the link to the VOD?

Description

Time

  • Played on: Nov. 2, 2025, 11:05 a.m.
  • Length: 5:39
Show
View Real Time Build Order
Export as new Build Order

Casey Terran - Winner!

Build Orders: 1/1/1 

Get SALT Encoding   

  12  0:00  SCV  
  13  0:12  SCV  
  14  0:17  Supply Depot  
  14  0:24  SCV  
  15  0:39  SCV  
  15  0:41  Barracks  
  16  0:42  Refinery  
  16  0:51  SCV  
  16  0:52  Refinery  
  17  1:03  SCV  
  18  1:15  SCV  
  19  1:27  Orbital Command  
  19  1:28  Reaper  
  19  1:30  Supply Depot  
  20  1:41  Factory  
  20  1:53  SCV  
  21  2:00  Barracks Reactor  
  21  2:06  SCV  
  21  2:07  Supply Depot  
  22  2:18  SCV  
  23  2:25  Starport, Factory Tech Lab  
  23  2:30  SCV  
  23  2:36  Marine x2  
  26  2:42  SCV  
  27  2:44  Supply Depot  
  27  2:45  Siege Tank  
  30  2:54  Marine x2  
  32  3:02  Medivac  
  34  3:12  Marine x2  
  36  3:17  Siege Tank  
  39  3:30  Marine x2  
  39  3:32  Viking  
  43  3:39  Supply Depot x2  
  43  3:47  Marine  
  43  3:48  Marine  
  45  4:00  Siege Tank  
  48  4:05  Marine x2  
  48  4:09  Viking  
  49  4:23  Marine x2  
  51  4:32  Siege Tank  
  54  4:40  Command Center  
  54  4:41  Marine x2  
  56  4:50  Viking  
  58  4:55  Supply Depot  
  58  4:59  Marine x2  
  60  5:17  Marine x2  
  60  5:21  Supply Depot, SCV  
Show
View Real Time Build Order
Export as new Build Order

电脑难度(专家) Terran 

Build Orders:  

Get SALT Encoding   

  12  0:00  SCV  
  13  0:13  SCV  
  14  0:18  Supply Depot  
  14  0:25  SCV  
  15  0:28  Refinery  
  15  0:40  SCV  
  16  0:47  Barracks  
  16  0:52  SCV  
  17  1:04  SCV  
  18  1:16  SCV  
  19  1:34  Marine  
  19  1:37  Orbital Command, Supply Depot  
  20  1:40  Factory  
  20  1:50  Barracks  
  20  1:52  Marine  
  21  2:02  SCV  
  21  2:05  Refinery  
  22  2:10  Marine  
  22  2:15  SCV  
  24  2:20  Supply Depot  
  24  2:25  Factory Tech Lab  
  24  2:27  SCV, Marine  
  25  2:37  Marine  
  26  2:44  Siege Tank  
  26  2:45  Marine  
  26  2:47  SCV  
  31  2:55  Marine  
  31  3:03  Supply Depot, Marine  
  31  3:04  SCV  
  31  3:12  Marine  
  31  3:16  SCV  
  33  3:21  Marine  
  33  3:23  Siege Tank  
  37  3:28  SCV  
  37  3:30  Marine  
  39  3:39  Marine  
  39  3:40  SCV  
  40  3:48  Marine  
  40  3:55  Command Center  
  41  3:57  Marine  
  41  4:00  SCV  
  43  4:06  Marine  
  43  4:07  Supply Depot  
  43  4:13  SCV  
  43  4:14  Marine  
  32  4:24  Marine  
  32  4:32  Barracks Tech Lab  
  32  4:42  Marine  
  29  4:51  Marine  
  29  4:59  Marine  
  31  5:08  Marine  
  27  5:17  Marine  
  27  5:18  SCV  
Tags
 
Matchup
TvT
Opening
1/1/1
Race
Terran
Add a new tag
Caveats
  • Supply blocks, unpowered buildings, or Contaminate may cause inaccurate times.
  • Supply counts are checked every 10 seconds.